3AA
BATTLE GROUND AEROS @ FT. POLK SOUTH THUNDER HAWKS
07/10/2025
 
TOP OF THE 1ST
Battle Ground Aeros batting - Pitching for Ft. Polk South Thunder Hawks : RHP Quentin Bowers
Pitching: RHP Quentin Bowers
Batting: RHB Juan Camacho 0-0: Ball
1-0: Foul Ball, location: 2F
1-1: Ball
2-1: Swinging Strike
2-2: Strikes out looking
Batting: LHB Dave Smerdon 0-0: Ball
1-0: Fly out, F7 (Flyball, 7S)
Batting: RHB Byron Isaacson 0-0: Called Strike
0-1: Fly out, F9 (Line Drive, 9)
Top of the 1st over - 0 run(s), 0 hit(s), 0 error(s), 0 left on base; Battle Ground 0 - Ft. Polk South 0
BOTTOM OF THE 1ST
Ft. Polk South Thunder Hawks batting - Pitching for Battle Ground Aeros : RHP César Manoel
Pitching: RHP César Manoel
Batting: RHB Néstor Berino 0-0: Called Strike
0-1: Ground out 5-3 (Groundball, 56S)
Batting: RHB David Phipps 0-0: Fly out, F8 (Flyball, 89S)
Batting: RHB Iván Hernández 0-0: Ball
1-0: Foul Ball, location: 2F
1-1: Ground out 1-3 (Groundball, 13)
Bottom of the 1st over - 0 run(s), 0 hit(s), 0 error(s), 0 left on base; Battle Ground 0 - Ft. Polk South 0
TOP OF THE 2ND
Battle Ground Aeros batting - Pitching for Ft. Polk South Thunder Hawks : RHP Quentin Bowers
Batting: LHB Ignacio Martínez 0-0: Called Strike
0-1: Ball
1-1: Swinging Strike
1-2: Strikes out swinging
Batting: RHB José Rodríguez 0-0: Swinging Strike
0-1: Ball
1-1: Foul Ball, location: 2F
1-2: Ball
2-2: TRIPLE (Flyball, 9LM)
Batting: RHB Carlos Soto 0-0: Fly out, F8 (Flyball, 8LM)
Runner from 3rd tags up, SCORES, no throw
Batting: RHB Roy McFerran 0-0: Fly out, F9 (Line Drive, 9LS)
Top of the 2nd over - 1 run(s), 1 hit(s), 0 error(s), 0 left on base; Battle Ground 1 - Ft. Polk South 0
BOTTOM OF THE 2ND
Ft. Polk South Thunder Hawks batting - Pitching for Battle Ground Aeros : RHP César Manoel
Batting: RHB Jesús Hernández 0-0: Called Strike
0-1: Called Strike
0-2: Strikes out swinging
Batting: RHB César Villarreal 0-0: Ball
1-0: SINGLE (Flyball, 7LS)
Batting: RHB José Sosa 0-0: Foul Ball, location: 2F
0-1: Ball
1-1: Foul Ball, location: 2F
1-2: SINGLE (Flyball, 89S)
César Villarreal to second
Runner from 2nd tries for 3rd, SAFE, no throw
Batting: RHB Pablo Marrero 0-0: Ball
1-0: Ball
2-0: Called Strike
2-1: Ball
3-1: Called Strike
3-2: Foul Ball, location: 2F
3-2: Strikes out looking
Batting: RHB Rob Morse 0-0: Ground out 6-3 (Groundball, 56)
Bottom of the 2nd over - 0 run(s), 2 hit(s), 0 error(s), 2 left on base; Battle Ground 1 - Ft. Polk South 0
TOP OF THE 3RD
Battle Ground Aeros batting - Pitching for Ft. Polk South Thunder Hawks : RHP Quentin Bowers
Batting: SHB Arnold Bunch 0-0: Swinging Strike
0-1: Swinging Strike
0-2: Ball
1-2: Strikes out swinging
Batting: RHB Gustavo Meza 0-0: Ball
1-0: Called Strike
1-1: Ball
2-1: Foul Ball, location: 2F
2-2: Ball
3-2: Strikes out swinging
Batting: RHB Juan Camacho 0-0: Ball
1-0: Ball
2-0: Ball
3-0: Called Strike
3-1: Ground out 1-3 (Groundball, P)
Top of the 3rd over - 0 run(s), 0 hit(s), 0 error(s), 0 left on base; Battle Ground 1 - Ft. Polk South 0
BOTTOM OF THE 3RD
Ft. Polk South Thunder Hawks batting - Pitching for Battle Ground Aeros : RHP César Manoel
Batting: RHB Pedro Méndez 0-0: Called Strike
0-1: Ball
1-1: Called Strike
1-2: Ball
2-2: Ball
3-2: Foul Ball, location: 2F
3-2: Foul Ball, location: 2F
3-2: Base on Balls
Batting: RHB Néstor Berino 0-0: Ball
1-0: Foul Ball, location: 2F
1-1: Ball
2-1: Swinging Strike
2-2: Fly out, F8 (Flyball, 78D)
Batting: RHB David Phipps 0-0: Ball
1-0: Called Strike
1-1: Ball
2-1: Foul Ball, location: 2F
2-2: Ball
3-2: Grounds into double play, 5-4-3 (Groundball, 56)
Bottom of the 3rd over - 0 run(s), 0 hit(s), 0 error(s), 0 left on base; Battle Ground 1 - Ft. Polk South 0
TOP OF THE 4TH
Battle Ground Aeros batting - Pitching for Ft. Polk South Thunder Hawks : RHP Quentin Bowers
Batting: LHB Dave Smerdon 0-0: Ball
1-0: Ball
2-0: Called Strike
2-1: Ball
3-1: Base on Balls
Batting: RHB Byron Isaacson 0-0: Ball
1-0: Fly out, F9 (Flyball, 9LDF)
Batting: LHB Ignacio Martínez 0-0: Ball
1-0: Called Strike
1-1: SINGLE (Line Drive, 8LS)
Dave Smerdon to second
Batting: RHB José Rodríguez 0-0: Ball
1-0: Ball
2-0: Called Strike
2-1: Fielders Choice at 2nd, 6-4 (Groundball, 6M)
Dave Smerdon to third
Batting: RHB Carlos Soto 0-0: Called Strike
0-1: Fly out, F9 (Flyball, 9LS)
Top of the 4th over - 0 run(s), 1 hit(s), 0 error(s), 2 left on base; Battle Ground 1 - Ft. Polk South 0
BOTTOM OF THE 4TH
Ft. Polk South Thunder Hawks batting - Pitching for Battle Ground Aeros : RHP César Manoel
Batting: RHB Iván Hernández 0-0: Called Strike
0-1: Foul Ball, location: 2F
0-2: Ball
1-2: Strikes out swinging
Batting: RHB Jesús Hernández 0-0: Ball
1-0: Foul Ball, location: 2F
1-1: SINGLE (Line Drive, 56D)
Batting: RHB César Villarreal 0-0: Grounds into double play, 4-6-3 (Groundball, 4)
Bottom of the 4th over - 0 run(s), 1 hit(s), 0 error(s), 0 left on base; Battle Ground 1 - Ft. Polk South 0
TOP OF THE 5TH
Battle Ground Aeros batting - Pitching for Ft. Polk South Thunder Hawks : RHP Quentin Bowers
Batting: RHB Roy McFerran 0-0: SINGLE (Line Drive, 56)
Batting: SHB Arnold Bunch 0-0: Bunted foul
0-1: Bunted foul
0-2: Ground out 4-3 (Groundball, 34)
Roy McFerran to second
Batting: RHB Gustavo Meza 0-0: Fly out, F8 (Flyball, 8LD)
Runner from 2nd tags up, SAFE at 3rd, no throw
Batting: RHB Juan Camacho 0-0: Swinging Strike
0-1: Ball
1-1: Ground out 6-3 (Groundball, 6)
Top of the 5th over - 0 run(s), 1 hit(s), 0 error(s), 1 left on base; Battle Ground 1 - Ft. Polk South 0
BOTTOM OF THE 5TH
Ft. Polk South Thunder Hawks batting - Pitching for Battle Ground Aeros : RHP César Manoel
Batting: RHB José Sosa 0-0: Ground out 4-3 (Groundball, 4)
Batting: RHB Pablo Marrero 0-0: Fly out, F9 (Flyball, 9)
Batting: RHB Rob Morse 0-0: DOUBLE (Flyball, 7LM)
Batting: RHB Pedro Méndez 0-0: Called Strike
0-1: Foul Ball, location: 2F
0-2: Ground out 5-3 (Groundball, 56S)
Bottom of the 5th over - 0 run(s), 1 hit(s), 0 error(s), 1 left on base; Battle Ground 1 - Ft. Polk South 0
TOP OF THE 6TH
Battle Ground Aeros batting - Pitching for Ft. Polk South Thunder Hawks : RHP Quentin Bowers
Batting: LHB Dave Smerdon 0-0: Foul Ball, location: 2F
0-1: Swinging Strike
0-2: Ball
1-2: Strikes out swinging
Batting: RHB Byron Isaacson 0-0: Ball
1-0: Ball
2-0: Called Strike
2-1: Ground out 5-3 (Groundball, 56S)
Batting: LHB Ignacio Martínez 0-0: Ball
1-0: Ball
2-0: Ball
3-0: Called Strike
3-1: SINGLE (Groundball, 4MD)
Batting: RHB José Rodríguez 0-0: Foul Ball, location: 2F
0-1: Ball
1-1: Swinging Strike
1-2: Fielders Choice at 2nd, 6-4 (Groundball, 6)
Top of the 6th over - 0 run(s), 1 hit(s), 0 error(s), 0 left on base; Battle Ground 1 - Ft. Polk South 0
BOTTOM OF THE 6TH
Ft. Polk South Thunder Hawks batting - Pitching for Battle Ground Aeros : RHP César Manoel
Batting: RHB Néstor Berino 0-0: Called Strike
0-1: Ball
1-1: Fly out, F5 (Line Drive, 5S)
Batting: RHB David Phipps 0-0: DOUBLE (Groundball, 5L)
Batting: RHB Iván Hernández 0-0: Ball
1-0: Foul Ball, location: 2F
1-1: Ground out 5-3 (Groundball, 56S)
David Phipps to third
Batting: RHB Jesús Hernández 0-0: Ball
1-0: Called Strike
1-1: Ball
2-1: Ground out 6-3 (Groundball, 56)
Bottom of the 6th over - 0 run(s), 1 hit(s), 0 error(s), 1 left on base; Battle Ground 1 - Ft. Polk South 0
TOP OF THE 7TH
Battle Ground Aeros batting - Pitching for Ft. Polk South Thunder Hawks : RHP Quentin Bowers
Batting: RHB Carlos Soto 0-0: Ball
1-0: Ball
2-0: Ball
3-0: Called Strike
3-1: Ground out 5-3 (Groundball, 5)
Batting: RHB Roy McFerran 0-0: Ball
1-0: Ball
2-0: Ball
3-0: Called Strike
3-1: Called Strike
3-2: Strikes out looking
Batting: SHB Arnold Bunch 0-0: Called Strike
0-1: Ball
1-1: Called Strike
1-2: Ball
2-2: Foul Ball, location: 2F
2-2: Strikes out looking
Top of the 7th over - 0 run(s), 0 hit(s), 0 error(s), 0 left on base; Battle Ground 1 - Ft. Polk South 0
BOTTOM OF THE 7TH
Ft. Polk South Thunder Hawks batting - Pitching for Battle Ground Aeros : RHP César Manoel
Batting: RHB César Villarreal 0-0: Ball
1-0: Foul Ball, location: 2F
1-1: Foul Ball, location: 2F
1-2: Ball
2-2: Ground out 6-3 (Groundball, 6)
Batting: RHB José Sosa 0-0: SINGLE (Groundball, 6D)
Batting: RHB Pablo Marrero 0-0: Foul Ball, location: 2F
0-1: SINGLE (Groundball, 56D)
José Sosa to second
Batting: RHB Rob Morse 0-0: Called Strike
0-1: Ball
1-1: Swinging Strike
1-2: SINGLE (Groundball, 6MD)
José Sosa to third
Pablo Marrero to second
Runner from 3rd tries for Home, SAFE, no throw
Batting: RHB Pedro Méndez 0-0: Called Strike
0-1: Ball
1-1: Ball
2-1: Swinging Strike
2-2: Fly out, F7 (Line Drive, 7)
Batting: RHB Néstor Berino 0-0: Swinging Strike
0-1: Swinging Strike
0-2: Foul Ball, location: 2F
0-2: Strikes out swinging
Bottom of the 7th over - 1 run(s), 3 hit(s), 0 error(s), 2 left on base; Battle Ground 1 - Ft. Polk South 1
TOP OF THE 8TH
Battle Ground Aeros batting - Pitching for Ft. Polk South Thunder Hawks : RHP Quentin Bowers
Pitching: LHP Jim Unknown
Pinch Hitting: RHB Stephen Johnson 0-0: SINGLE (Line Drive, 5D)
Pinch Hitting: LHB Javier Antonio 0-0: Ball
1-0: Called Strike
1-1: Foul Ball, location: 2F
1-2: Ball
2-2: Foul Ball, location: 2F
2-2: Ball
3-2: Foul Ball, location: 2F
3-2: SINGLE (Groundball, 34D)
Stephen Johnson to second
Stephen Johnson to third
Pinch Hitting: RHB Andrés Sánchez 0-0: Grounds into double play, 1-6-3 (Groundball, P)
Batting: RHB Byron Isaacson 0-0: Ball
1-0: Ball
2-0: Called Strike
2-1: Swinging Strike
2-2: Strikes out looking
Top of the 8th over - 0 run(s), 2 hit(s), 0 error(s), 1 left on base; Battle Ground 1 - Ft. Polk South 1
BOTTOM OF THE 8TH
Ft. Polk South Thunder Hawks batting - Pitching for Battle Ground Aeros : RHP César Manoel
Now in LF: Leroy Rijerkerk
Now in CF: Jim Unknown
Now in RF: Jack Willis
Batting: RHB David Phipps 0-0: Called Strike
0-1: Foul Ball, location: 2F
0-2: Ball
1-2: Strikes out looking
Pinch Hitting: SHB Ted Hansen 0-0: Called Strike
0-1: Foul Ball, location: 2F
0-2: Fly out, F3 (Popup, 3L)
Batting: RHB Jesús Hernández 0-0: Called Strike
0-1: Fly out, F2 (Popup, 15)
Bottom of the 8th over - 0 run(s), 0 hit(s), 0 error(s), 0 left on base; Battle Ground 1 - Ft. Polk South 1
TOP OF THE 9TH
Battle Ground Aeros batting - Pitching for Ft. Polk South Thunder Hawks : LHP Jim Unknown
Pitching: RHP Jim Unknown
Now at 2B: Jim Unknown
Batting: LHB Ignacio Martínez 0-0: Ball
1-0: Called Strike
1-1: Ball
2-1: Ball
3-1: Fly out, F8 (Flyball, 8LS)
Pinch Hitting: SHB Juan Brito 0-0: Swinging Strike
0-1: Ball
1-1: Called Strike
1-2: Foul Ball, location: 2F
1-2: Ball
2-2: Ball
3-2: Strikes out swinging
Pinch Hitting: RHB Carlos Ávila 0-0: Called Strike
0-1: Ball
1-1: Foul Ball, location: 2F
1-2: Fly out, F9 (Line Drive, 9)
Top of the 9th over - 0 run(s), 0 hit(s), 0 error(s), 0 left on base; Battle Ground 1 - Ft. Polk South 1
BOTTOM OF THE 9TH
Ft. Polk South Thunder Hawks batting - Pitching for Battle Ground Aeros : RHP César Manoel
Pitching: LHP Yajirobei Otomo
Now at 2B: Miguel Angel González
Now at SS: Carlos Ávila
Batting: RHB César Villarreal 0-0: Ball
1-0: Foul Ball, location: 2F
1-1: SINGLE (Groundball, 34D)
Batting: RHB José Sosa 0-0: Ball
1-0: Sac Bunt - play at first, batter OUT! U3
César Villarreal to second
Batting: RHB Pablo Marrero 0-0: Intentional Walk
Pinch Hitting: RHB Keith Bane 0-0: Foul Ball, location: 2F
0-1: Grounds into double play, 4-6-3 (Groundball, 4)
Bottom of the 9th over - 0 run(s), 1 hit(s), 0 error(s), 1 left on base; Battle Ground 1 - Ft. Polk South 1
TOP OF THE 10TH
Battle Ground Aeros batting - Pitching for Ft. Polk South Thunder Hawks : RHP Jim Unknown
Now in RF: Tony Ortíz
Batting: RHB Roy McFerran 0-0: Called Strike
0-1: Foul Ball, location: 2F
0-2: Foul Ball, location: 2F
0-2: Fly out, F9 (Flyball, 89M)
Batting: SHB Arnold Bunch 0-0: Ball
1-0: Swinging Strike
1-1: Ground out 4-3 (Groundball, 4)
Batting: RHB Jack Willis 0-0: Ball
1-0: Called Strike
1-1: Swinging Strike
1-2: Strikes out looking
Top of the 10th over - 0 run(s), 0 hit(s), 0 error(s), 0 left on base; Battle Ground 1 - Ft. Polk South 1
BOTTOM OF THE 10TH
Ft. Polk South Thunder Hawks batting - Pitching for Battle Ground Aeros : LHP Yajirobei Otomo
Batting: RHB Pedro Méndez 0-0: Called Strike
0-1: Ball
1-1: Ball
2-1: Fly out, F6 (Popup, 6)
Batting: RHB Néstor Berino 0-0: Swinging Strike
0-1: Ball
1-1: Ball
2-1: Ground out 6-3 (Groundball, 6S)
Batting: RHB David Phipps 0-0: Ball
1-0: Ground out 5-3 (Groundball, 56S)
Bottom of the 10th over - 0 run(s), 0 hit(s), 0 error(s), 0 left on base; Battle Ground 1 - Ft. Polk South 1
TOP OF THE 11TH
Battle Ground Aeros batting - Pitching for Ft. Polk South Thunder Hawks : RHP Jim Unknown
Pitching: RHP Jim Unknown
Batting: RHB Leroy Rijerkerk 0-0: Ground out 6-3 (Groundball, 6)
Batting: RHB Jim Unknown 0-0: Ball
1-0: Ball
2-0: Ball
3-0: Called Strike
3-1: Called Strike
3-2: Strikes out swinging
Batting: RHB Byron Isaacson 0-0: Ball
1-0: Fly out, F9 (Flyball, 9LSF)
Top of the 11th over - 0 run(s), 0 hit(s), 0 error(s), 0 left on base; Battle Ground 1 - Ft. Polk South 1
BOTTOM OF THE 11TH
Ft. Polk South Thunder Hawks batting - Pitching for Battle Ground Aeros : LHP Yajirobei Otomo
Pitching: LHP Dan Drew
Pinch Hitting: RHB Héctor López 0-0: Ball
1-0: Foul Ball, location: 2F
1-1: Fly out, F7 (Flyball, 78M)
Batting: RHB Jesús Hernández 0-0: Ball
1-0: Ball
2-0: SINGLE (Line Drive, 56D)
Batting: RHB César Villarreal 0-0: Ball
1-0: Fly out, F9 (Flyball, 9)
Batting: RHB José Sosa 0-0: Ball
1-0: Foul Ball, location: 2F
1-1: Swinging Strike
1-2: Ball
2-2: Ball
3-2: Base on Balls
Jesús Hernández to second
Batting: RHB Pablo Marrero 0-0: Called Strike
0-1: Called Strike
0-2: Foul Ball, location: 2F
0-2: Ball
1-2: Fly out, F9 (Line Drive, 9S)
Bottom of the 11th over - 0 run(s), 1 hit(s), 0 error(s), 2 left on base; Battle Ground 1 - Ft. Polk South 1
TOP OF THE 12TH
Battle Ground Aeros batting - Pitching for Ft. Polk South Thunder Hawks : RHP Jim Unknown
Now at 2B: Bryan Billings
Batting: LHB Ignacio Martínez 0-0: Ball
1-0: Foul Ball, location: 2F
1-1: Foul Ball, location: 2F
1-2: Ball
2-2: Foul Ball, location: 2F
2-2: Ball
3-2: Strikes out swinging
Batting: RHB Miguel Angel González 0-0: Called Strike
0-1: Swinging Strike
0-2: Ball
1-2: Strikes out swinging
Batting: RHB Carlos Ávila 0-0: Called Strike
0-1: Called Strike
0-2: Foul Ball, location: 2F
0-2: Ball
1-2: Ball
2-2: Ground out 5-3 (Groundball, 5S)
Top of the 12th over - 0 run(s), 0 hit(s), 0 error(s), 0 left on base; Battle Ground 1 - Ft. Polk South 1
BOTTOM OF THE 12TH
Ft. Polk South Thunder Hawks batting - Pitching for Battle Ground Aeros : LHP Dan Drew
Pinch Hitting: RHB Randall Worthington 0-0: Ball
1-0: Ball
2-0: Called Strike
2-1: Ball
3-1: Foul Ball, location: 2F
3-2: Base on Balls
Batting: RHB Pedro Méndez 0-0: Ball
1-0: Bunt missed!
1-1: Sac Bunt - play at first, batter OUT! 5-4
Randall Worthington to second
Batting: RHB Néstor Berino 0-0: Ball
Wild Pitch!
Randall Worthington to third
1-0: Intentional Walk
Batting: RHB David Phipps 0-0: Ball
1-0: Foul Ball, location: 2F
1-1: Called Strike
1-2: Ball
2-2: Reached on error, E5 (Groundball, 56)
Randall Worthington scores
Friday, December 30th, 2016 - OOTP Baseball 17.12 Build 75